 Dungeon Crawl Stone Soup version 0.17.0-28-g6e173f8 (webtiles) character file.

46 coffecat the Stinger (level 3, -1/19 HPs)
             Began as a Deep Elf Venom Mage on Nov 29, 2015.
             Was a Follower of Makhleb.
             Killed from afar by an orc wizard (9 damage)
             ... with a puff of flame
             ... on level 3 of the Dungeon.
             The game lasted 00:10:27 (1495 turns).

coffecat the Stinger (Deep Elf Venom Mage)          Turns: 1495, Time: 00:10:29

Health: -1/19      AC:  2    Str:  5    XL:     3   Next: 46%
Magic:  2/10       EV: 13    Int: 20    God:    Makhleb [*.....]
Gold:   61         SH:  0    Dex: 15    Spells: 3 memorised, 3 levels left

rFire  . . .     SeeInvis .     g - +1 short sword (holy)
rCold  . . .     Clarity  .     a - +0 robe
rNeg   . . .     SustAt   .     (no shield)
rPois  .         Gourm    .     (no helmet)
rElec  .         Spirit   .     (no cloak)
rCorr  .         Warding  .     (no gloves)
rMut   .         Stasis   .     (no boots)
MR     .....                    (no amulet)
Stlth  ++........               (no ring)
                                (no ring)

@: very slightly contaminated, not resistant to hostile enchantments, unstealthy
A: no striking features
a: Renounce Religion


You were on level 3 of the Dungeon.
You worshipped Makhleb.
Makhleb was aware of your devotion.
You were not hungry.

You visited 1 branch of the dungeon, and saw 3 of its levels.

You collected 61 gold pieces.

Inventory:

Hand Weapons
 g - a +1 short sword of holy wrath (weapon)
Armour
 a - a +0 robe (worn)
 n - a +0 robe
Scrolls
 d - a scroll of remove curse {unknown}
 h - a scroll of fog {unknown}
 j - a scroll of identify {unknown}
 l - a scroll of teleportation {unknown}
 m - a scroll of magic mapping {unknown}
Potions
 e - a potion of heal wounds {unknown}
 f - a potion of flight {unknown}
 i - a potion of brilliance {unknown}
 k - a potion of haste {unknown}
 p - a potion of lignification {unknown}
Books
 b - a Young Poisoner's Handbook

   Spells                             Type                      Level
   a - Sting                          Conjuration/Poison           1
   b - Cure Poison                    Poison                       2
   c - Mephitic Cloud                 Conjuration/Poison/Air       3
   d - Olgreb's Toxic Radiance        Poison                       4
   e - Venom Bolt                     Conjuration/Poison           5
Comestibles
 c - 3 bread rations


   Skills:
 + Level 0.1 Fighting
 + Level 2.8 Dodging
 * Level 2.6 Stealth
 + Level 3.5 Spellcasting
 + Level 1.2 Conjurations
 + Level 5.0 Poison Magic


You had 3 spell levels left.
You knew the following spells:

 Your Spells              Type           Power        Failure   Level  Hunger
a - Sting                 Conj/Pois      ###.         3%          1    None
b - Mephitic Cloud        Conj/Pois/Air  ##......     21%         3    ###....
c - Cure Poison           Pois           ###.......   2%          2    ##.....


Dungeon Overview and Level Annotations

Branches:
Dungeon (3/15)

Altars:
Makhleb
Zin


Message History

Press: ? - help, Shift-Dir - straight line, f/p - orc priest
Aim: an orc priest, wielding a whip (heavily wounded)
The sting hits the orc priest.
The orc priest is severely wounded.
The orc priest calls down the wrath of Beogh upon you.
Pain shoots through your body!
You hit the orc priest.
The orc priest is almost dead.
You hear some strange, mumbled words.
The orc priest hits you but does no damage.
You barely miss the orc priest.
The orc priest is almost dead.
The orc priest casts a cantrip, but nothing happens.
You closely miss the orc priest.
The orc priest is almost dead.
The orc priest hits you with a whip.
You hear some strange, mumbled words.
A puff of flame appears from out of thin air!
The puff of flame hits you!
You die...

##########
#####
#......<.# #
...# #.######.#
####.###.## #.#
.#
#.........###.#
.# #. #@#.....#
.# #. #.o.#####
.# #. #.### .#
#. #.# .#
#.##.##.#
#......)#
####.#### #. #.


You could see an orc priest.

Vanquished Creatures
  An adder (D:2)
  An orc (D:3)
  A ball python (D:1)
  4 bats
  A giant cockroach (D:2)
  4 goblins
  9 hobgoblins
  4 kobolds
  2 quokkas (D:2)
  3 giant newts (D:2)
  A rat (D:1)
31 creatures vanquished.

Notes
Turn   | Place    | Note
--------------------------------------------------------------
     0 | D:1      | coffecat the Deep Elf Venom Mage began the quest for the Orb.
     0 | D:1      | Reached XP level 1. HP: 10/10 MP: 6/6
   311 | D:1      | Reached XP level 2. HP: 9/15 MP: 2/8
   795 | D:2      | Found a faded altar to an unknown god.
   823 | D:2      | Became a worshipper of Makhleb the Destroyer
   823 | D:2      | Reached * piety under Makhleb
   852 | D:2      | Reached skill level 5 in Poison Magic
  1090 | D:2      | Reached XP level 3. HP: 19/19 MP: 7/10
  1330 | D:2      | Reached skill level 1 in Conjurations
  1353 | D:2      | Found a glowing silver altar of Zin.
  1447 | D:2      | Learned a level 3 spell: Mephitic Cloud
  1463 | D:3      | Learned a level 2 spell: Cure Poison
  1495 | D:3      | Killed from afar by an orc wizard

Action                   || total
-------------------------++-------
Melee: Short sword       ||    18
       Unarmed           ||     2
 Cast: Sting             ||    57
  Eat: Royal jelly       ||     1
